 Dungeon Sprint DCSS version 0.29.1-2-gbd0b4ee654 (webtiles) character file.

Game seed: 2800689690294019937

19892 Arandomuser85 the Executioner (level 12, -8/136 HPs)
             Began as a Minotaur Berserker on Nov 15, 2022.
             Was the Champion of Trog.
             Mangled by a deep elf annihilator
             ... wielding a +0 short sword
              (11 damage)
             ... in the Dungeon (Sprint I: "Red Sonja").
             The game lasted 00:18:04 (4839 turns).

Arandomuser85 the Executioner (Minotaur Berserker)  Turns: 4839, Time: 00:18:04

Health: -8/136     AC: 21    Str: 24    XL:     12   Next: 40%
Magic:  11/11      EV: 12    Int:  4    God:    Trog [******]
Gold:   3948       SH:  0    Dex: 16    Spells: 11/11 levels left

rFire   . . .      SeeInvis .   w - +9 executioner's axe "Juanwuro" {vorpal, Dex+3}
rCold   . . .      Faith    .   (shield currently unavailable)
rNeg    . . .      Spirit   .   v - +0 plate armour
rPois   +          Reflect  .   (helmet restricted)
rElec   .          Harm     .   z - +0 cloak
rCorr   .          Rampage  .   (no gloves)
Will    .....      NoTele   +   k - +0 pair of boots
Stlth   ..........              (no amulet)
HPRegen 0.32/turn               t - ring of poison resistance
MPRegen 0.12/turn               y - ring of flight

@: flying
A: horns 2, retaliatory headbutt
a: Renounce Religion, Berserk, Trog's Hand, Brothers in Arms


You were in the Dungeon.
You worshipped Trog.
Trog was exalted by your worship.
You visited 1 branch You collected 5875 gold pieces.
You spent 1927 gold pieces at shops.

Inventory:

Hand Weapons
 a - a +0 hand axe
 l - a +7 broad axe of electrocution
 n - a +2 antimagic battleaxe
 w - the +9 executioner's axe "Juanwuro" (weapon) {vorpal, Dex+3}
   (Trog gifted it to you in the Dungeon)

   It inflicts extra damage upon your enemies.
   Dex:       It affects your dexterity (+3).
Armour
 b - a +0 animal skin
 i - a +0 scale mail
 k - a +0 pair of boots (worn)
 v - a +0 plate armour (worn)
 z - a +0 cloak (worn)
 A - a +0 robe
 B - a +4 chain mail of fire resistance
Jewellery
 o - a +6 ring of dexterity
 q - an amulet of magic regeneration
 s - a ring of see invisible
 t - a ring of poison resistance (left hand)
 u - a ring of resist corrosion
 x - the ring of Umeot {rN+ EV+4}
   (You acquired it in the Dungeon)

   [ring of evasion]

   EV:        It affects your evasion (+4).
   rN:        It protects you from negative energy.
 y - a ring of flight (right hand)
 C - a ring of protection from cold
 F - a +4 ring of protection
Wands
 g - a wand of iceblast (14)
 m - a wand of charming (31)
 r - a wand of polymorph (4)
Scrolls
 h - a scroll of blinking
 E - a scroll of fog
Potions
 c - 4 potions of curing
 e - a potion of haste
 f - 2 potions of magic
 j - a potion of might
 p - a potion of mutation
 G - a potion of degeneration


   Skills:
 + Level 21.3 Fighting
 + Level 23.9 Axes
 + Level 17.9 Armour
 + Level 9.9 Dodging
 + Level 2.8 Stealth


You had 11 spell levels left.
You didn't know any spells.
Your spell library was empty.

Dungeon Overview and Level Annotations

Branches:
Dungeon (1/1)

Altars:
Cheibriados
Dithmenos
Elyvilon
Fedhas
Gozag
Hepliaklqana
Kikubaaqudgha
Makhleb
Nemelex Xobeh
Okawaru
Qazlal
Ru
Sif Muna
Trog
Uskayaw
Vehumet
Wu Jian
Xom
Yredelemnul
Zin
The Shining One
Jiyva
Lugonu

Shops:
D !*[**:*==!(*:(([?[

Annotations:
D Tiamat


Innate Abilities, Weirdness & Mutations

You have a pair of horns on your head.
You reflexively headbutt those who attack you in melee.


Message History

The gargoyle is severely damaged.
You feel sick.
The merfolk siren chants its luring song.
The gargoyle hurls a stone arrow at you.
The stone arrow hits you!!
You cut the gargoyle into ribbons!!!
You destroy the gargoyle!
Trog accepts your kill. Trog grants you a weapon!
Something appears at your feet!
You see here a +5 vorpal executioner's axe.
The merfolk siren chants its luring song.
You feel much better.
You feel sick.
The merfolk siren chants its luring song.
Unknown command.
You feel better.
The merfolk siren chants its luring song.
The merfolk siren chants its luring song.
You hit the merfolk siren.
The merfolk siren is lightly wounded.
The deep elf annihilator gestures at you while chanting.
The bolt of lightning hits you!!! The bolt of lightning misses you.
You cut the merfolk siren into ribbons!!!
You break out of your daze!
You kill the merfolk siren!
Trog accepts your kill.
Trog appreciates your killing of a magic user.
Things that are here:
a +0 trident; a merfolk corpse A mummy priest comes into view.
The deep elf annihilator gestures at you while chanting.
The iron shot hits you!!!
* * * LOW HITPOINT WARNING * * *
You see here a +0 mace.
The deep elf annihilator hits you with a +0 short sword!
* * * LOW HITPOINT WARNING * * *
You slice the deep elf annihilator!! You headbutt the deep elf annihilator!
The deep elf annihilator is heavily wounded.
The deep elf annihilator hits you with a +0 short sword!
You die...

######################
.§)'..§.§.'..#..+§...#
####.§§.§##..+..#§§.§##
#)###.§§#######'#§..§.#####
#'#$###+# )[##..#§§..§#...#
#..$#y#§##$$$#.)##§§§.#§§.#
#..$###..###$#†)≈###+##.§.#
+..$$$##.#A#$#.)@e:#.####'#
#.....#..###$#).≈.##+#§§.§##
###++##.##..$#..≈##..§§§§..##
##..###..#+###..≈#...§.§§...#
###..###...# ≈..##....§..§..##
..#..#.###.#M≈..#......|.§.§.#
.........#.###..#...§.}......#
..○......#.# '..##..........##
○.○...####+# ##'##...§......#


You could see a deep elf annihilator and a mummy priest.

Vanquished Creatures
  A golden dragon (D)
  A shadow dragon (D)
  4 fire giants (D)
  A lorocyproca (D)
  A hydra (D)
  2 centaur warriors (D)
  Sonja (D)
  A deep troll (D)
  A lindwurm (D)
  An oklob plant (D)
  2 merfolk sirens (D)
  4 demonic crawlers (D)
  2 gargoyles (D)
  7 unseen horrors (D)
  2 kobold demonologists (D)
  A hellwing (D)
  5 hornets (D)
  A slime creature (D)
  Sigmund (D)
  13 hogs (D)
  A yak (D)
  2 redbacks (D)
  3 floating eyes (D)
  An ogre (D)
  7 necrophages (D)
  8 jellies (D)
  Ijyb (D)
75 creatures vanquished.

Vanquished Creatures (others)
  2 ballistomycete spores (D)
2 creatures vanquished.

Grand Total: 77 creatures vanquished

Notes
Turn   | Place    | Note
-------+----------+-------------------------------------------
     0 | D        | Arandomuser85 the Minotaur Berserker began the quest for
                  | the Orb.
     0 | D        | Reached XP level 1. HP: 19/19 MP: 0/0
     2 | D        | Noticed Ijyb
     9 | D        | Killed Ijyb
    10 | D        | Reached skill level 5 in Fighting
    10 | D        | Reached skill level 5 in Axes
    10 | D        | Reached XP level 2. HP: 30/30 MP: 1/1
    96 | D        | Noticed an ogre
   100 | D        | Killed an ogre
   101 | D        | Reached skill level 7 in Axes
   101 | D        | Reached XP level 3. HP: 39/39 MP: 2/2
   101 | D        | Reached XP level 4. HP: 47/47 MP: 3/3
   149 | D        | Noticed Sigmund
   157 | D        | Killed Sigmund
   157 | D        | Reached ** piety under Trog
   158 | D        | Reached skill level 10 in Axes
   158 | D        | Reached skill level 5 in Armour
   158 | D        | Reached XP level 5. HP: 58/58 MP: 4/4
   220 | D        | Found a burning altar of Makhleb.
   220 | D        | Found a viscous altar of Jiyva.
   220 | D        | Found a shimmering altar of Xom.
   220 | D        | Found a corrupted altar of Lugonu.
   220 | D        | Noticed a slime creature
   225 | D        | Killed a slime creature
   226 | D        | Reached skill level 11 in Axes
   226 | D        | Reached skill level 5 in Dodging
   226 | D        | Reached XP level 6. HP: 68/68 MP: 5/5
   273 | D        | Found an ornate altar of the Wu Jian Council.
   273 | D        | Found a shimmering blue altar of Sif Muna.
   275 | D        | Found a radiant altar of Vehumet.
   500 | D        | Found Uluxt's Assorted Antiques.
   500 | D        | Found an ancient bone altar of Kikubaaqudgha.
   500 | D        | Found a hazy altar of Hepliaklqana.
   500 | D        | Found a stormy altar of Qazlal.
   500 | D        | Found a hide-covered altar of Uskayaw.
   500 | D        | Found a blossoming altar of Fedhas.
   500 | D        | Found a bloodstained altar of Trog.
   500 | D        | Found an iron altar of Okawaru.
   500 | D        | Found a basalt altar of Yredelemnul.
   500 | D        | Found a glowing golden altar of the Shining One.
   500 | D        | Found a snail-covered altar of Cheibriados.
   500 | D        | Found a sacrificial altar of Ru.
   500 | D        | Found a glowing silver altar of Zin.
   500 | D        | Found a shadowy altar of Dithmenos.
   500 | D        | Found a white marble altar of Elyvilon.
   500 | D        | Noticed a yak
   506 | D        | Killed a yak
   507 | D        | Reached skill level 12 in Axes
   507 | D        | Reached XP level 7. HP: 75/75 MP: 6/6
   507 | D        | Found an opulent altar of Gozag.
   508 | D        | Found a sparkling altar of Nemelex Xobeh.
   512 | D        | Bought a glowing broad axe for 203 gold pieces
   593 | D        | Noticed a kobold demonologist
   593 | D        | Noticed a kobold demonologist
   596 | D        | Noticed a neqoxec
   596 | D        | Reached *** piety under Trog
   599 | D        | Killed a kobold demonologist
   600 | D        | Reached skill level 13 in Axes
   600 | D        | Killed a kobold demonologist
   600 | D        | Reached **** piety under Trog
   601 | D        | Reached skill level 14 in Axes
   601 | D        | Reached XP level 8. HP: 86/86 MP: 7/7
   624 | D        | Noticed Sonja
   633 | D        | Killed Sonja
   634 | D        | Reached skill level 15 in Axes
   742 | D        | Found Qoopudin's Distillery.
  1056 | D        | Noticed a deep troll
  1060 | D        | Killed a deep troll
  1061 | D        | Reached skill level 15 in Fighting
  1061 | D        | Reached skill level 16 in Axes
  1061 | D        | Reached XP level 9. HP: 97/97 MP: 8/8
  1070 | D        | Found Gighuesi's Armour Emporium.
  1128 | D        | Bought a dented citrine amulet for 145 gold pieces
  1128 | D        | Bought a scroll labelled USTREO HOOMMEIGG for 29 gold
                  | pieces
  1128 | D        | Bought a scroll labelled LOOVIG TUXYLIO for 29 gold pieces
  1253 | D        | Noticed a centaur warrior
  1255 | D        | Noticed a centaur warrior
  1259 | D        | Killed a centaur warrior
  1260 | D        | Reached skill level 10 in Armour
  1260 | D        | Killed a centaur warrior
  1261 | D        | Reached skill level 17 in Axes
  1324 | D        | Paralysed by a hornet for 3 turns
  1329 | D        | Reached ***** piety under Trog
  1393 | D        | Noticed an oklob plant
  1399 | D        | Killed an oklob plant
  1400 | D        | Reached XP level 10. HP: 90/108 MP: 9/9
  1672 | D        | Reached skill level 18 in Axes
  1672 | D        | Reached skill level 1 in Stealth
  1706 | D        | Received a gift from Trog
  1735 | D        | Reached ****** piety under Trog
  1736 | D        | Received a gift from Trog
  1756 | D        | Identified the +5 shortbow "Acvek Bexe" {freeze, rN+ Will++
                  | Dex-4}
  1762 | D        | Found Bufuu's General Store.
  1762 | D        | Found Qeokon's Armour Shop.
  1762 | D        | Found Sufaif's General Store.
  1764 | D        | Found Erekheha's Book Emporium.
  1764 | D        | Found Gelipit's General Store.
  1764 | D        | Found Vyumuovu's Jewellery Shoppe.
  1764 | D        | Found Luis Wos's Jewellery Boutique.
  1764 | D        | Found Labreuhyro's Distillery.
  1764 | D        | Found Funneb's Antique Weapon Shop.
  1764 | D        | Found Egab's General Store.
  1769 | D        | Found Ywit's Book Boutique.
  1770 | D        | Found Ommudd's Weapon Emporium.
  1770 | D        | Found Estusecy's Antique Weapon Boutique.
  1771 | D        | Found Pefout's Magic Scroll Emporium.
  1772 | D        | Bought a ring of see invisible for 150 gold pieces
  1773 | D        | Bought a ring of poison resistance for 200 gold pieces
  1780 | D        | Bought a scroll of enchant weapon for 97 gold pieces
  1801 | D        | Bought a ring of resist corrosion for 200 gold pieces
  1864 | D        | Bought a +0 plate armour for 276 gold pieces
  1971 | D        | Noticed a gargoyle
  1972 | D        | Identified the +9 executioner's axe "Juanwuro" {vorpal,
                  | Dex+3} (Trog gifted it to you in the Dungeon)
  1972 | D        | Received a gift from Trog
  1973 | D        | Reached skill level 19 in Axes
  1986 | D        | Killed a gargoyle
  2504 | D        | Noticed a lindwurm
  2506 | D        | Killed a lindwurm
  2531 | D        | Received a gift from Trog
  2534 | D        | Reached XP level 11. HP: 118/121 MP: 10/10
  2543 | D        | Received a gift from Trog
  2544 | D        | Reached skill level 20 in Axes
  2654 | D        | Noticed a 12-headed hydra
  2656 | D        | Paralysed by a floating eye for 3 turns
  2661 | D        | Killed a 15-headed hydra
  2991 | D        | Identified 2 scrolls of acquirement
  2991 | D        | Acquired 513 gold pieces
  2993 | D        | Acquired the ring of Umeot {rN+ EV+4}
  2996 | D        | Noticed a shadow dragon
  2996 | D        | Noticed a golden dragon
  3104 | D        | Killed a golden dragon
  3105 | D        | Reached skill level 21 in Axes
  3105 | D        | Reached skill level 15 in Armour
  3114 | D        | Killed a shadow dragon
  3114 | D        | Received a gift from Trog
  3168 | D        | Identified the +6 quarterstaff "Faetruw" {vorpal, Int+3
                  | Stlth+}
  3184 | D        | Found Xitaum's Armour Shoppe.
  3206 | D        | Bought a +0 robe for 7 gold pieces
  3206 | D        | Bought a +4 chain mail of fire resistance for 315 gold
                  | pieces
  3470 | D        | Noticed a lorocyproca
  3478 | D        | Killed a lorocyproca
  3676 | D        | Bought a ring of protection from cold for 250 gold pieces
  4047 | D        | Noticed a daeva
  4058 | D        | Reached skill level 22 in Axes
  4265 | D        | Noticed a fire giant
  4266 | D        | Noticed a fire giant
  4267 | D        | Noticed a fire giant
  4271 | D        | Killed a fire giant
  4271 | D        | Received a gift from Trog
  4271 | D        | Noticed a fire giant
  4272 | D        | Reached XP level 12. HP: 92/134 MP: 11/11
  4276 | D        | Killed a fire giant
  4279 | D        | Killed a fire giant
  4280 | D        | Reached skill level 23 in Axes
  4282 | D        | Killed a fire giant
  4302 | D        | Found the +4 dragonskin cloak
  4302 | D        | Noticed Tiamat
  4632 | D        | Bought a scroll of identify for 26 gold pieces
  4808 | D        | Noticed a deep elf annihilator
  4812 | D        | Received a gift from Trog
  4829 | D        | Received a gift from Trog
  4837 | D        | Noticed a mummy priest
  4838 | D        | HP: 3/136 [deep elf annihilator/+0 short sword (10)]
  4839 | D        | Mangled by a deep elf annihilator

Illustrated notes

Levels and vault maps discovered:
D:        dungeon_sprint_1 [red_sonja_temple_1, red_sonja_temple_small_1]

Skill      XL: |  1  2  3  4  5  6  7  8  9 10 11 12 |
---------------+-------------------------------------+-----
Fighting       | 5 7 9 11 13 15 16 18 20 21 | 21.3
Axes           | 5 7 10 11 12 14 16 17 19 22 23 | 23.9
Armour         | 3 4 5 6 7 9 11 13 16 17 | 17.9
Dodging        | 3 4 5 6 7 8 9 |  9.9
Stealth        | 2 |  2.8

Action                   |  1- 3 |  4- 6 |  7- 9 | 10-12 || total
-------------------------+-------+-------+-------+-------++-------
Melee: Hand axe          |     9 |    18 |       |       ||    27
       Headbutt          |     1 |     7 |     5 |    32 ||    45
       Punch             |     1 |       |       |     2 ||     3
       Broad axe         |       |       |    26 |    54 ||    80
       Executioner's axe |       |       |       |    87 ||    87
Invok: Berserk           |     1 |     3 |     4 |     4 ||    12
  Use: Potion            |     1 |       |       |     2 ||     3
       Scroll            |       |       |     5 |     5 ||    10
Armor: Scale mail        |       |     1 |    25 |     7 ||    33
       Plate armour      |       |       |       |   100 ||   100
Dodge: Dodged            |     1 |     6 |    12 |    85 ||   104
